[Event "45th FIDE Womens Olympiad 2024"]
[Site "Budapest"]
[Date "2024.09.16"]
[Round "6.121"]
[White "Antonova, Nadezhda"]
[Black "Keinanen, Anastasia"]
[Result "1/2-1/2"]
[ECO "D02"]
[WhiteElo "1967"]
[BlackElo "2212"]
[Annotator "TA"]
[PlyCount "82"]
[EventDate "2024.09.05"]
[EventType "team-tourn"]
[EventCountry "HUN"]
[SourceTitle "playchess.com"]
[Source "ChessBase"]
[SourceQuality "1"]
[WhiteTeam "Tajikistan"]
[BlackTeam "Finland"]
[WhiteTeamCountry "TJK"]
[BlackTeamCountry "FIN"]
[TimeControl "40/5400+30:1800+30"]

1. Nf3 d5 2. d4 Nf6 3. Bf4 c5 4. e3 Nc6 5. Nbd2 cxd4 6. exd4 Bf5 7. c3 e6 8. Qb3 Qc8 9. Be2 h6 10. h3 Be7 11. O-O O-O 12. a4 Rd8 13. Rfe1 Ne4 14. Nxe4 Bxe4 15. Ne5 Bd6 16. Nxc6 bxc6 17. Bxd6 Rxd6 18. Qa3 Qc7 19. a5 Re8 20. f3 Bf5 21. f4 Be4 22. b4 Rb8 23. Qc1 Rd7 24. Qe3 f5 25. Rf1 {[#]} g5 $1 26. g3 (26. Kh2 Rg7) 26... Rg7 27. Kh2 Kh8 28. Rf2 Rbg8 {...gxf4 would now be deadly.} 29. Rg1 Qe7 30. Rff1 Rh7 31. Rf2 Qf6 32. Rff1 Qg6 33. Bd3 Rf7 34. Be2 Rgg7 35. Qd2 Kg8 36. Qd1 {And now Bh5 would win.} Qf6 37. Qa4 (37. Qd2 $11) 37... Rc7 (37... gxf4 $15 38. Rxf4 e5 39. dxe5 Qxe5) 38. Qd1 $11 {The position is equal.} Rh7 39. Qd2 Rcg7 40. a6 Kh8 41. Qe3 Rg8 {An interesting draw.   Weighted Error Value: White=0.05 (flawless) /Black=0.05 (flawless) .  Mistake:       	White=1     	Black=1      Inaccurate:     	White=1     	---        OK:         	White=10    	Black=13     Best:        	White=2     	---} 1/2-1/2

[Event "45th FIDE Womens Olympiad 2024"]
[Site "Budapest"]
[Date "2024.09.16"]
[Round "6.122"]
[White "Paasikangas, Johanna"]
[Black "Saidova, Rukhshona"]
[Result "0-1"]
[ECO "D37"]
[WhiteElo "2058"]
[BlackElo "1873"]
[Annotator "ChessBase"]
[PlyCount "156"]
[EventDate "2024.09.05"]
[EventType "team-tourn"]
[EventCountry "HUN"]
[SourceTitle "playchess.com"]
[Source "ChessBase"]
[SourceQuality "1"]
[WhiteTeam "Finland"]
[BlackTeam "Tajikistan"]
[WhiteTeamCountry "FIN"]
[BlackTeamCountry "TJK"]
[TimeControl "40/5400+30:1800+30"]

1. d4 d5 2. c4 e6 3. Nf3 Nf6 4. Nc3 Be7 5. e3 O-O 6. Be2 Nbd7 7. O-O dxc4 8. Bxc4 c5 9. a3 a6 10. a4 b6 11. Qe2 Bb7 12. Rd1 Qc7 13. b3 cxd4 14. exd4 Bb4 15. Na2 Bd6 16. h3 Rfe8 17. Bb2 e5 18. d5 Nc5 19. Rac1 Qe7 20. Nc3 e4 21. Nd4 Qe5 22. g3 Qg5 23. Kg2 e3 24. Nf3 Qh6 25. Nh4 Bc8 26. Qf3 exf2 27. Nf5 Bxf5 28. Qxf5 Re3 29. Ne2 Rae8 30. Bxf6 gxf6 31. Rc2 Kh8 32. Rd4 Ne4 33. Rxe4 R3xe4 34. Qxf2 Rg8 35. Rc3 Rh4 36. Qf5 Rh5 37. Qd7 Be5 38. Rf3 Qg7 39. d6 Rg5 40. Qxf7 Qxf7 41. Bxf7 Rd8 42. h4 Rg7 43. Bc4 a5 44. Nc1 Bxd6 45. Nd3 Bc7 46. Kh3 Rgd7 47. Nf2 Kg7 48. Ne4 Be5 49. Nf2 Re7 50. Nd3 Bc7 51. Nf4 Bxf4 52. Rxf4 h5 53. Kg2 Re5 54. Rf3 Rd2+ 55. Kf1 f5 56. Rc3 Kf6 57. Rf3 Rd4 58. Kg2 Re1 59. Bd3 Rd5 60. Kf2 Re7 61. Kf1 Red7 62. Ke2 Re5+ 63. Kf1 Rd8 64. Kf2 Rf8 65. Rf4 Ke7 66. Rc4 Rd8 67. Rc3 Rd4 68. Kf3 Rc5 69. Bc4 Kd6 70. Ke3 Ke5 71. Kf3 f4 72. g4 hxg4+ 73. Kxg4 Rc7 74. Rh3 Ke4 75. h5 Rg7+ 76. Kh4 f3 77. h6 Kf5+ 78. Kh5 Rg5# 0-1

[Event "45th FIDE Womens Olympiad 2024"]
[Site "Budapest"]
[Date "2024.09.16"]
[Round "6.123"]
[White "Tolibova, Dilola"]
[Black "Puuska, Heini"]
[Result "1/2-1/2"]
[ECO "B34"]
[WhiteElo "1831"]
[BlackElo "1930"]
[Annotator "NA"]
[PlyCount "80"]
[EventDate "2024.09.05"]
[EventType "team-tourn"]
[EventCountry "HUN"]
[SourceTitle "playchess.com"]
[Source "ChessBase"]
[SourceQuality "1"]
[WhiteTeam "Tajikistan"]
[BlackTeam "Finland"]
[WhiteTeamCountry "TJK"]
[BlackTeamCountry "FIN"]
[TimeControl "40/5400+30:1800+30"]

1. e4 c5 2. Nf3 Nc6 3. d4 cxd4 4. Nxd4 g6 5. Nc3 Bg7 6. Nb3 Nf6 7. Bd3 d5 8. f3 dxe4 9. Nxe4 Nxe4 10. fxe4 O-O 11. c3 Ne5 12. Be2 Qxd1+ 13. Kxd1 Rd8+ 14. Kc2 f5 15. Bf3 Nxf3 16. gxf3 b6 17. Bg5 Kf7 18. Rae1 h6 19. Bd2 e5 20. a4 a5 21. Be3 Rb8 22. c4 Be6 23. Nd2 Bf8 24. b3 f4 25. Bf2 Rd6 26. Nb1 Rbd8 27. Rd1 Be7 28. Rxd6 Rxd6 29. Rd1 Rxd1 30. Kxd1 Bc5 31. Bxc5 bxc5 32. Nc3 g5 33. Ke2 g4 34. Kf2 h5 35. Nb5 Ke7 36. Nc7 gxf3 37. h4 Bf7 38. Nd5+ Kd6 39. Nc3 Be6 40. Nb1 Bg4 1/2-1/2

[Event "45th FIDE Womens Olympiad 2024"]
[Site "Budapest"]
[Date "2024.09.16"]
[Round "6.124"]
[White "Sippola, Sara-Olivia"]
[Black "Mashabova, Shukrona"]
[Result "1/2-1/2"]
[ECO "C65"]
[WhiteElo "1861"]
[BlackElo "1711"]
[Annotator "NA"]
[PlyCount "155"]
[EventDate "2024.09.05"]
[EventType "team-tourn"]
[EventCountry "HUN"]
[SourceTitle "playchess.com"]
[Source "ChessBase"]
[SourceQuality "1"]
[WhiteTeam "Finland"]
[BlackTeam "Tajikistan"]
[WhiteTeamCountry "FIN"]
[BlackTeamCountry "TJK"]
[TimeControl "40/5400+30:1800+30"]

1. e4 e5 2. Nf3 Nc6 3. Bb5 Bc5 4. O-O Nf6 5. c3 O-O 6. d4 exd4 7. cxd4 Be7 8. Nc3 a6 9. Bd3 d6 10. h3 h6 11. Re1 Re8 12. Bf4 Nh7 13. Qd2 Ng5 14. Be2 Nxf3+ 15. Bxf3 Bf6 16. Be3 Ne7 17. Rac1 Be6 18. Red1 Rb8 19. Be2 Nc8 20. Bd3 Nb6 21. d5 Bc8 22. f4 Nd7 23. Ne2 b6 24. b4 Bb7 25. Rc2 Rc8 26. Rdc1 Nb8 27. Ng3 c5 28. bxc5 bxc5 29. Nf5 Rc7 30. Kh1 Bc8 31. Nxd6 Qxd6 32. e5 Qd8 33. exf6 Qxf6 34. Bxc5 Bb7 35. Be2 Rd7 36. Bf3 Qd8 37. Rd1 Bc6 38. Bg1 Ba4 39. Rdc1 Bxc2 40. Qxc2 Rxd5 41. Bxd5 Qxd5 42. Rd1 Qe6 43. Rc1 Nd7 44. Qa4 Nf6 45. Qc4 Nh5 46. Qxe6 Rxe6 47. Rc4 Re4 48. Rxe4 Ng3+ 49. Kh2 Nxe4 50. Bd4 f5 51. g3 Kf7 52. Kg2 h5 53. Kf3 g6 54. g4 hxg4+ 55. hxg4 Ke6 56. gxf5+ gxf5 57. Ke3 Kd5 58. Kd3 Nd6 59. Be5 Nc4 60. Bd4 Na5 61. Be5 Nc6 62. Bc3 Kc5 63. Bd2 a5 64. Kc3 Nb4 65. Kb3 Nd5 66. Ka4 Nb6+ 67. Kb3 a4+ 68. Kc3 Nd5+ 69. Kb2 Kb5 70. a3 Kc4 71. Kc2 Kd4 72. Bc1 Ke4 73. Bd2 Nxf4 74. Kc3 Nd5+ 75. Kc4 f4 76. Bxf4 Nxf4 77. Kb4 Kd5 78. Kxa4 1/2-1/2

[Event "45th FIDE Womens Olympiad 2024"]
[Site "Budapest"]
[Date "2024.09.16"]
[Round "6.125"]
[White "Sanudula, K M Dahamdi"]
[Black "Wafa, Shrook"]
[Result "1-0"]
[ECO "D02"]
[WhiteElo "2023"]
[BlackElo "2137"]
[Annotator "NA"]
[PlyCount "73"]
[EventDate "2024.09.05"]
[EventType "team-tourn"]
[EventCountry "HUN"]
[SourceTitle "playchess.com"]
[Source "ChessBase"]
[SourceQuality "1"]
[WhiteTeam "Sri Lanka"]
[BlackTeam "Egypt"]
[WhiteTeamCountry "SRI"]
[BlackTeamCountry "EGY"]
[TimeControl "40/5400+30:1800+30"]

1. d4 d5 2. Nf3 Nf6 3. c3 c5 4. dxc5 e6 5. b4 a5 6. Qb3 b6 7. cxb6 axb4 8. cxb4 Qxb6 9. b5 Bc5 10. e3 O-O 11. Be2 Nc6 12. O-O Na5 13. Qd1 Ne4 14. Bb2 Nc4 15. Bxc4 dxc4 16. Qc2 Nxf2 17. Rxf2 Bxe3 18. Nc3 Bb7 19. a4 Bxf3 20. gxf3 Rfd8 21. Nd1 Bxf2+ 22. Nxf2 Rd5 23. Kh1 Rc8 24. Rg1 c3 25. Bxc3 Qe3 26. Rxg7+ Kf8 27. Qxh7 Qxf3+ 28. Kg1 Rc4 29. Rg3 Rd1+ 30. Nxd1 Qxd1+ 31. Kf2 Rf4+ 32. Ke3 Qc1+ 33. Bd2 Qc5+ 34. Kxf4 Qd4+ 35. Kf3 Qxa4 36. Rg8+ Ke7 37. Bg5+ 1-0

[Event "45th FIDE Womens Olympiad 2024"]
[Site "Budapest"]
[Date "2024.09.16"]
[Round "6.126"]
[White "Wafa, Shahenda"]
[Black "Tharushi, T H D Niklesha"]
[Result "1/2-1/2"]
[ECO "B45"]
[WhiteElo "2102"]
[BlackElo "1852"]
[Annotator "NA"]
[PlyCount "71"]
[EventDate "2024.09.05"]
[EventType "team-tourn"]
[EventCountry "HUN"]
[SourceTitle "playchess.com"]
[Source "ChessBase"]
[SourceQuality "1"]
[WhiteTeam "Egypt"]
[BlackTeam "Sri Lanka"]
[WhiteTeamCountry "EGY"]
[BlackTeamCountry "SRI"]
[TimeControl "40/5400+30:1800+30"]

1. e4 c5 2. Nf3 e6 3. d4 cxd4 4. Nxd4 Nf6 5. Nc3 Nc6 6. Ndb5 Bb4 7. a3 Bxc3+ 8. Nxc3 d5 9. exd5 exd5 10. Bd3 O-O 11. O-O Bg4 12. f3 Bh5 13. Bg5 Qb6+ 14. Kh1 Ne4 15. Nxe4 dxe4 16. Bxe4 Qxb2 17. Qb1 Qb6 18. Qxb6 axb6 19. Rfb1 Bg6 20. Bxg6 hxg6 21. Rxb6 f6 22. Bf4 g5 23. Bg3 Rfd8 24. Rxb7 Ra6 25. Rab1 Rxa3 26. Rc1 Ra2 27. h4 gxh4 28. Bxh4 Rd2 29. Rc7 Rdxc2 30. Rxc6 Rxg2 31. R6c4 Rh2+ 32. Kg1 Rhg2+ 33. Kf1 Rh2 34. Kg1 Rhg2+ 35. Kf1 Rh2 36. Kg1 1/2-1/2

[Event "45th FIDE Womens Olympiad 2024"]
[Site "Budapest"]
[Date "2024.09.16"]
[Round "6.127"]
[White "Pallie, Ehsha Mishela"]
[Black "Romany, Joy"]
[Result "1-0"]
[ECO "B40"]
[WhiteElo "1767"]
[BlackElo "2012"]
[Annotator "NA"]
[PlyCount "81"]
[EventDate "2024.09.05"]
[EventType "team-tourn"]
[EventCountry "HUN"]
[SourceTitle "playchess.com"]
[Source "ChessBase"]
[SourceQuality "1"]
[WhiteTeam "Sri Lanka"]
[BlackTeam "Egypt"]
[WhiteTeamCountry "SRI"]
[BlackTeamCountry "EGY"]
[TimeControl "40/5400+30:1800+30"]

1. e4 c5 2. Nf3 e6 3. b3 b6 4. c4 Bb7 5. Nc3 d6 6. Bb2 Nf6 7. d3 Be7 8. g3 O-O 9. Bg2 Nc6 10. O-O Ne5 11. d4 Nxf3+ 12. Bxf3 cxd4 13. Qxd4 Qc7 14. Rfd1 Rfd8 15. Ba3 Ne8 16. Nb5 Qc6 17. Rac1 a6 18. Nc3 Bg5 19. Rc2 b5 20. h4 Bf6 21. Qd3 bxc4 22. bxc4 Rac8 23. Ne2 Qa4 24. Qb3 Bc6 25. Rcd2 Rb8 26. Qe3 Qxc4 27. Rc1 Qa4 28. Rxc6 Qxc6 29. e5 d5 30. exf6 Nxf6 31. Be7 Rb1+ 32. Kg2 Rdb8 33. Bxf6 gxf6 34. Qh6 R8b2 35. Be4 f5 36. Bxb1 Rxb1 37. Qg5+ Kf8 38. Qd8+ Kg7 39. Nf4 d4+ 40. f3 e5 41. Nh5+ 1-0

[Event "45th FIDE Womens Olympiad 2024"]
[Site "Budapest"]
[Date "2024.09.16"]
[Round "6.128"]
[White "Allam, Yara"]
[Black "Gunawardhana, Devindya Oshini"]
[Result "0-1"]
[ECO "C54"]
[WhiteElo "1920"]
[BlackElo "1956"]
[Annotator "NA"]
[PlyCount "54"]
[EventDate "2024.09.05"]
[EventType "team-tourn"]
[EventCountry "HUN"]
[SourceTitle "playchess.com"]
[Source "ChessBase"]
[SourceQuality "1"]
[WhiteTeam "Egypt"]
[BlackTeam "Sri Lanka"]
[WhiteTeamCountry "EGY"]
[BlackTeamCountry "SRI"]
[TimeControl "40/5400+30:1800+30"]

1. e4 e5 2. Nf3 Nc6 3. Bc4 Nf6 4. d3 Bc5 5. c3 d6 6. Nbd2 a6 7. Bb3 h6 8. h3 Ba7 9. Nf1 O-O 10. Ng3 Be6 11. Bxe6 fxe6 12. d4 exd4 13. cxd4 d5 14. exd5 Qxd5 15. Ne2 Rad8 16. O-O e5 17. Qc2 exd4 18. Nf4 Qf7 19. Nd3 Nd5 20. a3 Qg6 21. Qd1 Ne3 22. Bxe3 dxe3 23. Qb3+ Kh7 24. Nde5 Nxe5 25. Nxe5 exf2+ 26. Kh1 Qe4 27. Ng4 Rd3 0-1

[Event "45th FIDE Womens Olympiad 2024"]
[Site "Budapest"]
[Date "2024.09.16"]
[Round "6.129"]
[White "Wagener, Anna"]
[Black "Clarke, Adani"]
[Result "1-0"]
[ECO "C11"]
[WhiteElo "2251"]
[BlackElo "1919"]
[Annotator "TA"]
[PlyCount "119"]
[EventDate "2024.09.05"]
[EventType "team-tourn"]
[EventCountry "HUN"]
[SourceTitle "playchess.com"]
[Source "ChessBase"]
[SourceQuality "1"]
[WhiteTeam "Luxembourg"]
[BlackTeam "Jamaica"]
[WhiteTeamCountry "LUX"]
[BlackTeamCountry "JAM"]
[TimeControl "40/5400+30:1800+30"]

1. e4 e6 2. Nf3 d5 3. Nc3 Nf6 4. e5 Nfd7 5. d4 c5 6. dxc5 Bxc5 7. Bd3 Nc6 8. Bf4 Nf8 {C11: French: Classical System: 4 e5 and 4 Bg5 dxe4.} 9. Qe2 Ng6 10. Bg3 Bd7 $146 ({Predecessor:} 10... a6 11. O-O-O b5 12. Bxg6 hxg6 13. Ne4 Be7 14. Nd6+ Bxd6 15. exd6 Qa5 16. Kb1 b4 {0-1 Ming,W (1834)-Lepine,C (2013) Francophone-ch 3rd 2015 (5)}) 11. O-O a6 12. Rad1 Rc8 13. Rfe1 Bb4 14. a3 Ba5 15. b4 Bb6 16. Qd2 Nd4 (16... O-O $11) 17. Nxd4 $14 Bxd4 18. Nxd5 $1 Nf8 $2 (18... exd5 $14 19. Bxg6 hxg6 (19... Bc3 $2 20. Bxf7+ Kxf7 21. Qxd5+ Be6 22. Qf3+ Kg6 23. Rxd8 $18) 20. Qxd4 Be6) 19. c3 Bxf2+ (19... exd5 $142 20. cxd4 h5) 20. Bxf2 (20. Kxf2 exd5 21. Bc2 Bg4 $16) (20. Qxf2 $18 {[%cal Oe1f1] and the rest is easy. aiming for Rf1!} exd5 21. Qa7) 20... exd5 $16 21. Bb1 (21. e6 $16 Nxe6 22. Bf5) 21... Be6 (21... Ba4 $14) 22. Ba2 Ng6 (22... Bg4 $16) 23. Bc5 $1 $18 (23. Bxd5 $6 Bxd5 24. Qxd5 Qxd5 25. Rxd5 Rxc3 $16) 23... Ne7 (23... b6 $142) 24. Qf2 (24. Qg5 Rxc5 25. bxc5 Qc7) 24... Qc7 25. Rd3 {White has more active pieces.} Qc6 (25... O-O $16 26. h4 Rfe8) 26. Rg3 Ng6 27. Rf3 Qc7 28. Qd4 Qd7 (28... Ne7 $16 29. Bb1 O-O) 29. Bb3 (29. Rg3 $18) 29... h5 (29... Ne7 $16 30. Rd1 b5) 30. Rd3 Rd8 (30... Ne7 {was worth a try.} 31. Qf2 Qb5) 31. Qf2 Qc6 32. a4 Rc8 33. a5 Ne7 34. Rg3 Rh7 35. Qc2 Bf5 36. Qd1 Qe6 37. Qd2 Rd8 $2 (37... Rxc5 38. bxc5 h4) 38. Rf3 (38. Ba4+ Nc6 39. Rg5 Be4 $18) 38... Qg6 (38... g6 $142 39. Rf4 Qc8 40. Ba4+ Bd7) 39. Rg3 $2 (39. Bxe7 Kxe7 40. Qf2 (40. Bxd5 h4 $18)) 39... Qe6 40. Qg5 (40. Ba4+ Nc6 41. h3 Be4) 40... Nc6 41. Qe3 Rd7 (41... h4 $142) 42. Qf2 Kd8 43. Rf3 g6 44. Rfe3 Kc8 45. Qd2 {And now Bd6 would win.} Rh8 (45... Rd8 {keeps fighting.} 46. h3 Qd7) 46. Bd6 Ne7 (46... Rxd6 $142 47. exd6 Qd7 48. Qxd5 Rd8) 47. Qd4 {[%cal Ob4b5] Black must now prevent b5!} Nc6 48. Qc5 (48. Qxd5 Qxd5 49. Bxd5 Rhd8 $18) 48... Qe8 49. Bxd5 {[%cal Ob4b5] b5! is the strong threat.} Rd8 50. c4 (50. b5 $142 axb5 51. a6 (51. Qxb5 Qd7 $18) 51... Kd7 52. axb7 Rc8 53. Rd1 (53. bxc8=R Qxc8 54. e6+ Bxe6 55. Rxe6 fxe6 56. Bxe6+ Ke8 57. Bxc8+ Kf7 58. Qxc6 Rd8 59. Qc7+ Rd7 60. Qxd7+ Kg8 61. Re8#) (53. Qxb5 Rc7 $18) 53... Bd3 54. Rexd3 (54. bxc8=R Qxc8 55. Rdxd3 Rh7) (54. Rdxd3 Qe6 55. Bxe6+ Kxe6) 54... Qe6 55. b8=Q (55. Bxe6+ Kxe6 56. Qd5+ Kd7 57. Bb8+ Ke7 58. Qd6+ Ke8 59. bxc8=Q+ Nd8 60. Qdxd8#)) 50... Kd7 51. Qb6 Rc8 52. Qxb7+ Kd8 53. Qxa6 (53. Qb6+ $142 Kd7 54. Rd1 (54. Qxa6 h4 $18) 54... Qd8 55. e6+ (55. Qxa6 Ke8 $18) (55. Bxc6+ Ke6 56. Bd5+ Kd7 57. e6+ fxe6) 55... fxe6 56. Bxc6+ Rxc6 57. Bf8+ Rd6 58. Rxd6+ (58. Qxd6+ Ke8 59. Qxd8+ Kf7 60. Qe7+ Kg8 61. Qg7#) 58... Ke8 59. Qxd8+ (59. Rxd8+ Kf7 60. Qc7+ Kg8 61. Bh6#) 59... Kf7 60. Qe7+ Kg8 61. Qg7#) 53... Be6 54. Qb6+ Kd7 55. Qb7+ Kd8 56. b5 Bxd5 57. cxd5 Nd4 58. Qb6+ Kd7 59. Qxd4 Qd8 60. b6 1-0

[Event "45th FIDE Womens Olympiad 2024"]
[Site "Budapest"]
[Date "2024.09.16"]
[Round "6.130"]
[White "Brown, Raehanna"]
[Black "Steil-Antoni, Fiona"]
[Result "1/2-1/2"]
[ECO "A25"]
[WhiteElo "1910"]
[BlackElo "2085"]
[Annotator "NA"]
[PlyCount "66"]
[EventDate "2024.09.05"]
[EventType "team-tourn"]
[EventCountry "HUN"]
[SourceTitle "playchess.com"]
[Source "ChessBase"]
[SourceQuality "1"]
[WhiteTeam "Jamaica"]
[BlackTeam "Luxembourg"]
[WhiteTeamCountry "JAM"]
[BlackTeamCountry "LUX"]
[TimeControl "40/5400+30:1800+30"]

1. c4 e5 2. Nc3 Nc6 3. g3 f5 4. Bg2 Nf6 5. d3 Bb4 6. e3 Bxc3+ 7. bxc3 O-O 8. Ne2 d6 9. O-O Qe8 10. f4 e4 11. Nd4 exd3 12. Qxd3 Ne4 13. Ba3 Kh8 14. g4 g6 15. Rab1 b6 16. Rb2 a6 17. Bf3 Bd7 18. Rg2 Qe7 19. gxf5 gxf5 20. c5 dxc5 21. Nxc6 Bxc6 22. c4 Rad8 23. Qb3 h6 24. Bb2+ Kh7 25. Rg7+ Qxg7+ 26. Bxg7 Rg8 27. Rd1 Rxg7+ 28. Kf1 Rxd1+ 29. Qxd1 Rd7 30. Qc2 Nd2+ 31. Kf2 Nxf3 32. Qxf5+ Kg7 33. Qe6 Rd2+ 1/2-1/2

[Event "45th FIDE Womens Olympiad 2024"]
[Site "Budapest"]
[Date "2024.09.16"]
[Round "6.131"]
[White "Bakalarz, Grazyna"]
[Black "Watson, Gabriella"]
[Result "1/2-1/2"]
[ECO "D13"]
[WhiteElo "1928"]
[BlackElo "1826"]
[Annotator "NA"]
[PlyCount "85"]
[EventDate "2024.09.05"]
[EventType "team-tourn"]
[EventCountry "HUN"]
[SourceTitle "playchess.com"]
[Source "ChessBase"]
[SourceQuality "1"]
[WhiteTeam "Luxembourg"]
[BlackTeam "Jamaica"]
[WhiteTeamCountry "LUX"]
[BlackTeamCountry "JAM"]
[TimeControl "40/5400+30:1800+30"]

1. d4 d5 2. c4 c6 3. cxd5 cxd5 4. Nf3 Nf6 5. Nc3 Nc6 6. Bf4 a6 7. Rc1 e6 8. e3 Be7 9. Bd3 Bd7 10. Ne5 Rc8 11. O-O O-O 12. Qf3 Na5 13. Rc2 b5 14. Qh3 g6 15. Rfc1 Re8 16. Bg5 Nc4 17. f4 Nxe5 18. fxe5 Nh5 19. g4 Ng7 20. Bh6 Bc6 21. Rf1 f6 22. Bxg7 Kxg7 23. Rcf2 Rf8 24. exf6+ Rxf6 25. g5 Rxf2 26. Rxf2 Bxg5 27. Nd1 Qe7 28. Qg4 Be8 29. Rg2 Bf6 30. h3 Rc7 31. Nc3 b4 32. Ne2 a5 33. Nf4 Rc1+ 34. Kf2 Rc6 35. Nxg6 Bxg6 36. Bxg6 Kh8 37. Bd3 Qf7 38. Qf3 Rc1 39. Ke2 Rc8 40. Rf2 Rf8 41. Rg2 Bg7 42. Qg3 Qf6 43. Rf2 1/2-1/2

[Event "45th FIDE Womens Olympiad 2024"]
[Site "Budapest"]
[Date "2024.09.16"]
[Round "6.132"]
[White "McKoy, Arielle"]
[Black "Kremer, Nadine"]
[Result "0-1"]
[ECO "B04"]
[WhiteElo "1441"]
[BlackElo "1898"]
[Annotator "NA"]
[PlyCount "110"]
[EventDate "2024.09.05"]
[EventType "team-tourn"]
[EventCountry "HUN"]
[SourceTitle "playchess.com"]
[Source "ChessBase"]
[SourceQuality "1"]
[WhiteTeam "Jamaica"]
[BlackTeam "Luxembourg"]
[WhiteTeamCountry "JAM"]
[BlackTeamCountry "LUX"]
[TimeControl "40/5400+30:1800+30"]

1. e4 Nf6 2. e5 Nd5 3. d4 d6 4. Nf3 g6 5. Bc4 c6 6. O-O Bg7 7. c3 O-O 8. Re1 Be6 9. Ng5 dxe5 10. Nxe6 fxe6 11. dxe5 Qb6 12. Qd4 Qc7 13. Nd2 b5 14. Bb3 c5 15. Qg4 Rf5 16. Nf3 Nc6 17. Bc2 Nxe5 18. Nxe5 Rxe5 19. Bd2 Nf6 20. Qh3 Kf7 21. Qf3 Rd8 22. Bf4 Rxe1+ 23. Rxe1 Qb6 24. Bg5 Rd5 25. h4 h6 26. Bxf6 exf6 27. Qg4 f5 28. Qf3 Qd6 29. g4 Rd2 30. Bb1 Qd5 31. Qxd5 Rxd5 32. g5 hxg5 33. hxg5 Rd2 34. b4 cxb4 35. cxb4 Bd4 36. Rf1 Rb2 37. a3 Bxf2+ 38. Rxf2 Rxb1+ 39. Kg2 e5 40. Rc2 f4 41. Rc7+ Ke6 42. Rxa7 Kf5 43. Re7 e4 44. Kh3 e3 45. Rf7+ Ke4 46. Rf6 Kf3 47. Kh2 e2 48. Re6 e1=Q 49. Rxe1 Rxe1 50. a4 bxa4 51. b5 a3 52. b6 a2 53. b7 Re2+ 54. Kh3 a1=Q 55. b8=Q Qh1# 0-1

[Event "45th FIDE Womens Olympiad 2024"]
[Site "Budapest"]
[Date "2024.09.16"]
[Round "6.133"]
[White "Rouda Essa, Alserkal"]
[Black "Ortiz Verdezoto, Anahi"]
[Result "1-0"]
[ECO "C95"]
[WhiteElo "2036"]
[BlackElo "2229"]
[Annotator "TA"]
[PlyCount "79"]
[EventDate "2024.09.05"]
[EventType "team-tourn"]
[EventCountry "HUN"]
[SourceTitle "playchess.com"]
[Source "ChessBase"]
[SourceQuality "1"]
[WhiteTeam "United Arab Emirates"]
[BlackTeam "Ecuador"]
[WhiteTeamCountry "UAE"]
[BlackTeamCountry "ECU"]
[TimeControl "40/5400+30:1800+30"]

1. e4 e5 2. Nf3 Nc6 3. Bb5 a6 4. Ba4 Nf6 5. O-O d6 6. Re1 Be7 7. c3 O-O 8. h3 b5 9. Bb3 Nb8 10. d4 Nbd7 11. Nbd2 c5 12. d5 c4 13. Bc2 Nc5 14. Nf1 {White has an edge.} Qc7 15. Ng3 a5 16. Be3 Rb8 17. Nd2 b4 (17... a4 $11) 18. f4 ({White should try} 18. cxb4 $14 Rxb4 19. a3 Rxb2 20. Nxc4) 18... bxc3 $11 19. bxc3 exf4 20. Bxf4 Nd3 ({Better is} 20... g6 $11) 21. Bxd3 $14 cxd3 22. c4 Qc5+ (22... Rb2 $14 {feels stronger.}) 23. Kh2 (23. Kh1 $16) 23... Rb2 24. Qf3 Qa3 ({Black should play} 24... Nd7 $1 $14) 25. Nb3 $16 Qb4 {This costs Black the game.} (25... Nd7 $16) 26. Qxd3 $18 Bd8 27. Bd2 Qa4 28. Qc3 Rxd2 29. Nxd2 Qd7 30. Nb3 h5 31. Nxa5 h4 32. Nf1 Nh5 33. Rab1 Bf6 34. Qf3 Be5+ (34... Nf4 {keeps fighting.} 35. c5 (35. Qxf4 Be5 $16) 35... Ba6) 35. Kh1 {White is clearly winning.} Ng3+ 36. Nxg3 Bxg3 37. Rf1 f5 38. exf5 Qc7 39. Nc6 Bxf5 40. Nd4 {Weighted Error Value: White=0.18 (very precise) /Black=0.47.  Mistake:       	White=2     	Black=6      Inaccurate:     	White=1     	Black=2      OK:         	White=9     	Black=7      Best:        	White=3     	Black=1} 1-0

[Event "45th FIDE Womens Olympiad 2024"]
[Site "Budapest"]
[Date "2024.09.16"]
[Round "6.134"]
[White "Wagenschuetz, Evelyn"]
[Black "Al Maamari, Wafia Darwish"]
[Result "0-1"]
[ECO "C19"]
[WhiteElo "2036"]
[BlackElo "1908"]
[Annotator "ChessBase"]
[PlyCount "186"]
[EventDate "2024.09.05"]
[EventType "team-tourn"]
[EventCountry "HUN"]
[SourceTitle "playchess.com"]
[Source "ChessBase"]
[SourceQuality "1"]
[WhiteTeam "Ecuador"]
[BlackTeam "United Arab Emirates"]
[WhiteTeamCountry "ECU"]
[BlackTeamCountry "UAE"]
[TimeControl "40/5400+30:1800+30"]

1. e4 e6 2. d4 d5 3. Nc3 Bb4 4. e5 c5 5. Nf3 Nc6 6. a3 Bxc3+ 7. bxc3 Qa5 8. Bd2 Qa4 9. Bd3 c4 10. Be2 Nge7 11. O-O Bd7 12. Nh4 O-O-O 13. f4 Kb8 14. g4 g6 15. Kh1 Rdf8 16. Ra2 Ka8 17. Bf3 Qb5 18. Bc1 Qa5 19. Bd2 Qa4 20. Qe2 h6 21. Bc1 Rfg8 22. Ng2 Qa5 23. Bd2 Rd8 24. Rb1 Qa4 25. Ne3 Bc8 26. Nd1 Rh7 27. Bc1 Rdh8 28. Rab2 h5 29. g5 Nf5 30. Bg2 Rd8 31. Ra2 Rhh8 32. Nb2 Qa5 33. Bd2 Bd7 34. a4 Nce7 35. Nxc4 Qa6 36. Rab2 Bc6 37. Nb6+ axb6 38. Qe1 Nc8 39. Bf1 Qa7 40. Rb4 Kb8 41. Kg1 Kc7 42. Bd3 Nfe7 43. Qc1 Kd7 44. Qb2 Ke8 45. Kg2 Kf8 46. h4 Kg7 47. Kh3 Qb8 48. Qa3 Qc7 49. Qc1 Qd7 50. Qa3 Qe8 51. a5 bxa5 52. Qxa5 Qd7 53. Bc1 b6 54. Qa2 Bb7 55. Bb5 Qc7 56. Bd2 Nc6 57. Bxc6 Bxc6 58. Qa6 b5 59. R4b3 Nb6 60. Qa5 Ra8 61. Qb4 Nc4 62. Be1 Rhc8 63. Rc1 Ra4 64. Qc5 Be8 65. Qxc7 Rxc7 66. Kg3 Rca7 67. Kf2 Ra1 68. Rbb1 Rxb1 69. Rxb1 Ra2 70. Ke2 Rxc2+ 71. Kd3 Ra2 72. Rb4 Kf8 73. Rb1 Ke7 74. Rb4 Bc6 75. Rb1 Kd7 76. Rb4 Rb2 77. Rxb2 Nxb2+ 78. Kc2 Nc4 79. Bf2 b4 80. cxb4 Ba4+ 81. Kc3 Kc6 82. Bg1 Kb5 83. Bf2 Na3 84. Be1 Nc2 85. Bd2 Nxb4 86. Be3 Nc6 87. Bc1 Bd1 88. Bb2 Ne7 89. Bc1 Nf5 90. Bd2 Nxh4 91. Be3 Ng2 92. Bf2 Nxf4 93. Kd2 Bg4 0-1

[Event "45th FIDE Womens Olympiad 2024"]
[Site "Budapest"]
[Date "2024.09.16"]
[Round "6.135"]
[White "Anoud, Eisa Bashkardi"]
[Black "Miranda Vargas, Analia Karen"]
[Result "1-0"]
[ECO "C60"]
[WhiteElo "1810"]
[BlackElo "1891"]
[Annotator "NA"]
[PlyCount "35"]
[EventDate "2024.09.05"]
[EventType "team-tourn"]
[EventCountry "HUN"]
[SourceTitle "playchess.com"]
[Source "ChessBase"]
[SourceQuality "1"]
[WhiteTeam "United Arab Emirates"]
[BlackTeam "Ecuador"]
[WhiteTeamCountry "UAE"]
[BlackTeamCountry "ECU"]
[TimeControl "40/5400+30:1800+30"]

1. e4 e5 2. Nf3 Nc6 3. Bb5 g6 4. d4 exd4 5. Nxd4 Bg7 6. Be3 Qe7 7. Nc3 Qb4 8. Bxc6 bxc6 9. Qd2 Ba6 10. O-O-O Nf6 11. Nb3 Bc4 12. Qd4 c5 13. Qe5+ Be6 14. Nd5 Nh5 15. Nxc7+ Kd8 16. Nxe6+ fxe6 17. Rxd7+ Kxd7 18. Rd1+ 1-0